 Dungeon Crawl Stone Soup version 0.26.1-11-gd32895ea62 (webtiles) character file.

Game seed: 12983852355356312793

198616 MisterFreud the Black Belt (level 17, 0/166 HPs)
             Began as a Troll Monk on May 4, 2021.
             Was the Champion of Jiyva.
             Killed from afar by an Ice Fiend (49 damage)
             ... with a bolt of cold
             ... in an ice cave.
             The game lasted 01:03:23 (33698 turns).

MisterFreud the Black Belt (Troll Monk)            Turns: 33698, Time: 01:03:24

Health: 0/166      AC: 21    Str: 15    XL:     17   Next: 81%
Magic:  0/16       EV: 19    Int: 12    God:    Jiyva [******]
Gold:   706        SH: 18    Dex: 19    Spells: 16/16 levels left

rFire    . . .     SeeInvis .     - Unarmed
rCold    . . .     Faith    .   Z - +0 tower shield
rNeg     . . .     Spirit   +   R - +1 swamp dragon scales
rPois    +         Reflect  .   U - +2 hat {Will+}
rElec    .         Harm     .   f - +2 cloak
rCorr    +         Rampage  .   (gloves unavailable)
Will     ++...                  (boots unavailable)
Stlth    ++........             P - amulet of guardian spirit
HPRegen  0.77/turn              K - +4 ring of slaying
MPRegen  0.15/turn              B - +4 ring of evasion

@: slimy
A: large, unfitting armour, claws 3, yellow scales 1, blink, regeneration 1,
shaggy fur 1, tough skin 3, gelatinous body 2, pseudopods 1, translucent skin 1
}: 1/15 runes: gossamer
a: Blink, Renounce Religion, Request Jelly, Slimify, Cure Bad Mutation


You were in an ice cave.
You worshipped Jiyva.
Jiyva was exalted by your worship.
You visited 6 branches of the dungeon, and saw 29 of its levels.
You also visited: Ossuary and Ice Cave.

You collected 2184 gold pieces.
You spent 1478 gold pieces at shops.

Inventory:

Missiles
 h - 113 poisoned darts
 j - 54 boomerangs
 t - 6 throwing nets
 y - 7 atropa-tipped darts
 L - 6 datura-tipped darts
 O - 19 large rocks (quivered)
 Q - 5 javelins
Armour
 f - a +2 cloak (worn)
 A - a scarf of resistance
 R - +1 swamp dragon scales (worn)
 U - a +2 hat of willpower (worn)
 Z - a +0 tower shield (worn)
Jewellery
 p - an uncursed ring of willpower
 w - an uncursed ring of poison resistance
 B - a +4 ring of evasion (right claw)
 K - a +4 ring of slaying (left claw)
 P - an amulet of guardian spirit (around neck)
 T - an uncursed ring of willpower
Wands
 o - a wand of flame (26)
 v - a wand of digging (7)
 D - a wand of disintegration (43)
 H - a wand of enslavement (8)
 V - a wand of iceblast (6)
 X - a wand of polymorph (17)
Scrolls
 a - a scroll of torment
 c - 8 scrolls of remove curse
 g - 8 scrolls of enchant armour
 i - 7 scrolls of enchant weapon
 q - 3 scrolls of magic mapping
 u - 4 scrolls of teleportation
 x - 3 scrolls of blinking
 z - 4 scrolls of fear
 C - 15 scrolls of identify
 E - 2 scrolls of vulnerability
 F - 2 scrolls of amnesia
 M - a scroll of fog
 S - a scroll of brand weapon
Potions
 b - 2 potions of brilliance
 d - 3 potions of flight
 e - 8 potions of curing
 l - 5 potions of degeneration
 m - 7 potions of haste
 n - 6 potions of might
 r - 5 potions of lignification
 s - 3 potions of magic
 G - a potion of attraction
 I - 5 potions of cancellation
 J - a potion of berserk rage
 N - 14 potions of ambrosia
 W - a potion of mutation
 Y - a potion of heal wounds
Miscellaneous
 k - a condenser vane (inert)


   Skills:
 - Level 10.0 Fighting
 - Level 12.0 Throwing
 - Level 10.0 Armour
 - Level 8.0 Dodging
 - Level 1.0 Stealth
 + Level 12.7 Shields
 - Level 17.4 Unarmed Combat
 - Level 5.0 Evocations


You had 16 spell levels left.
You didn't know any spells.
Your spell library contained the following spells:

 Spells                   Type           Power        Failure   Level
 Confusing Touch          Hex            0%           95%         3
 Gell's Gravitas          Tloc           0%           95%         3
 Static Discharge         Conj/Air       0%           95%         3
 Cause Fear               Hex            0%           100%        4
 Petrify                  Tmut/Erth      0%           100%        4
 Irradiate                Conj/Tmut      0%           100%        5
 Lightning Bolt           Conj/Air       0%           100%        5
 Metabolic Englaciation   Hex/Ice        0%           100%        5
 Silence                  Hex/Air        0%           100%        5
 Yara's Violent Unravell  Hex/Tmut       0%           100%        5
 Hydra Form               Tmut           0%           100%        6
 Statue Form              Tmut/Erth      0%           100%        6
 Dragon Form              Tmut           0%           100%        7
 Discord                  Hex            0%           100%        8
 Ignition                 Fire           0%           100%        8
 Shatter                  Erth           0%           100%        9
 Tornado                  Air            0%           100%        9


Dungeon Overview and Level Annotations

Branches:
Dungeon (15/15)            Temple (1/1) D:5            Lair (6/6) D:11
  Swamp (1/4) Lair:2       Spider (4/4) Lair:4        Slime (0/5) Lair:5
    Orc (2/2) D:10            Elf (0/3) Orc:2        Vaults (0/5) D:14
 Depths (0/5) D:15        Ossuary (visited)           IceCv (1/1)

Altars:
Ashenzari
Cheibriados
Dithmenos
Elyvilon
Hepliaklqana
Kikubaaqudgha
Nemelex Xobeh
Okawaru
Ru
Sif Muna
Uskayaw
Vehumet
Wu Jian
The Shining One
Beogh
Jiyva

Shops:
D:10 [   D:11 (=?!   D:14 *   Orc:1 *   Orc:2 [(}:[

Annotations:
D:15 2 transporters, Epsin's ghost, journeyman MiFi
Lair:4 exclusion: 2 oklob plants
Lair:5 exclusion: oklob plant
Orc:2 1 exclusion


Innate Abilities, Weirdness & Mutations

You are too large for most types of armour.
You have claws for hands.
Your natural rate of healing is unusually fast.
You are covered in fur. (AC +1)
You have extremely tough skin. (AC +3)
You are partially covered in yellow scales. (AC +2)
You can translocate small distances at will.
Your pliable body absorbs attacks. (AC +2, EV +2)
Armour fits poorly on your pseudopods.
Your translucent skin slightly reduces your foes' accuracy. (Stealth)


Message History

Aim: a polar bear simulacrum (freezing vapour, 2% to evade)
The puff of flame hits the polar bear simulacrum.
The polar bear simulacrum melts!
The polar bear simulacrum is lightly damaged.
You hear a sizzling sound!
You mangle the polar bear simulacrum!!
The polar bear simulacrum vapourises!
Unknown command.
Aiming: Disintegrate
Press: ? - help, Shift-Dir - straight line, f - golden dragon simulacrum
Aim: a golden dragon simulacrum (severely damaged, chance to affect: 80%)
The golden dragon simulacrum is blasted!!
The golden dragon simulacrum vapourises!
Unknown command.
Okay, then.
Unknown command.
A thick mucus forms on your claws. The Ice Fiend gestures at you.
The bolt of cold hits you!!!
You die...

##### ##.#.## ##########
####.⌠.#.########°1.##§4Z#
≈J###.###.#..#..@##..1##○Z4#
≈≈≈#######..#..########
4Z§.# ##≈≈≈#≈≈.#####..# §§WZ
##J≈≈≈#≈..##..## 1Z.
##≈≈#≈≈≈##...### .#
≈≈####≈≈≈##### # ###
≈≈≈≈#≈≈# .###≈≈≈≈≈≈≈≈≈≈
..####≈≈≈≈≈≈≈≈


You could see an Ice Fiend.

Vanquished Creatures
  Arachne (Spider:2)
  Jorgrun (Orc:2)
  Frances (D:13)
  Gastronok (Lair:2)
  Kirke (Spider:3)
  Roxanne (Spider:2)
  A frost giant (D:13)
  5 ghost moths (Spider:4)
  An orc warlord (Orc:2)
  3 emperor scorpions
  Louise (Spider:3)
  A very ugly thing (D:14)
  A stone giant (D:13)
  6 entropy weavers
  2 spark wasps (Spider:4)
  A yaktaur captain (D:13)
  Josephine (D:10)
  Harold (D:8)
  4 vault guards (D:14)
  10 hydras
  A catoblepas (D:13)
  4 boulder beetles
  3 centaur warriors
  A two-headed ogre (D:12)
  2 tengu warriors
  A deep troll earth mage (D:13)
  An orc high priest (Orc:2)
  Urug (Lair:2)
  A skeletal warrior (D:15)
  A storm dragon skeleton (D:15)
  2 bog bodies
  3 wizards (D:14)
  2 orc knights
  A phantasmal warrior (D:15)
  A fire giant zombie (D:15)
  32 wolf spiders
  An orb spider (shapeshifter) (D:15)
  16 orb spiders
  17 ugly things
  8 orc sorcerers
  A necromancer (D:15)
  2 deep elf magi
  5 cyclopes
  A manticore (D:14)
  5 black mambas
  A torpor snail (Spider:4)
  26 elephants
  A gargoyle (D:14)
  Joseph (D:10)
  10 cane toads
  A centaur skeleton (D:14)
  Maggie (Lair:2)
  An elf zombie (D:15)
  An orange demon (D:13)
  21 demonic crawlers
  3 rime drakes
  5 freezing wraiths
  A yaktaur (D:14)
  A redback zombie (D:15)
  6 komodo dragons
  An anaconda simulacrum (IceCv)
  A guardian mummy (D:15)
  A queen bee (shapeshifter) (D:15)
  3 golden dragon simulacra (IceCv)
  A queen bee (D:13)
  6 ice devils (IceCv)
  6 meliai
  2 red devils (D:13)
  3 polar bears
  14 hornets
  10 trolls
  Grinder (D:6)
  32 jumping spiders
  A meliai zombie (D:14)
  5 blink frogs (Lair:6)
  2 dream sheep (Lair:6)
  36 tarantellas
  16 spriggans
  83 redbacks
  7 wyverns
  A shadow (D:13)
  9 wraiths
  78 yaks
  A dire elephant simulacrum (IceCv)
  7 basilisks
  2 vampire mosquitoes (D:14)
  3 hogs (Spider:3)
  A basilisk (shapeshifter) (D:12)
  Grum (D:10)
  2 steam dragons
  Menkaure (D:7)
  A warg (Orc:2)
  3 swamp worms (Lair:2)
  An iron troll simulacrum (IceCv)
  3 hydra simulacra (IceCv)
  A soldier ant (D:10)
  An acid dragon (D:13)
  3 harpy simulacra (IceCv)
  21 water moccasins
  Duvessa (D:4)
  2 hell hounds (Lair:3)
  3 sky beasts (D:5)
  An ice beast (D:6)
  A tengu skeleton (D:15)
  2 phantoms
  30 orc warriors
  An eye of draining (D:10)
  10 black bears
  4 boggarts (Lair:6)
  2 necrophages
  12 ogres
  32 wolves
  7 centaurs
  4 big kobolds
  22 bullfrogs
  Dowan (D:4)
  4 scorpions
  A troll zombie (Ossuary)
  64 killer bees
  An elephant simulacrum (IceCv)
  23 wights
  A swamp dragon simulacrum (IceCv)
  2 electric eels
  5 howler monkeys
  2 bullfrog zombies
  4 centaur zombies
  A quasit (D:15)
  A jelly (D:6)
  A draconian simulacrum (IceCv)
  12 hounds
  2 human zombies
  21 orc priests
  5 bullfrog skeletons
  Crazy Yiuf (D:2)
  4 iguanas
  16 orc wizards
  11 worker ants
  A polar bear simulacrum (IceCv)
  A spriggan simulacrum (IceCv)
  2 troll simulacra (IceCv)
  An ogre zombie (Ossuary)
  A hound zombie (D:11)
  11 mummies
  A worker ant zombie (D:5)
  5 gnolls
  12 adders
  4 naga simulacra (IceCv)
  A river rat (Lair:4)
  5 shadow imps
  5 white imps
  10 ufetubi
  6 adder zombies
  3 worms
  A dart slug (D:1)
  6 leopard geckos
  89 orcs
  4 bats
  2 giant cockroaches
  5 goblins
  4 hobgoblins
  8 jackals
  26 kobolds
  3 quokkas
  4 ball pythons
  5 frilled lizards
  6 goblin zombies
  4 hobgoblin zombies (Ossuary)
  6 kobold zombies (Ossuary)
  A leopard gecko zombie (D:7)
  An orc zombie (D:8)
  3 quokka zombies (Ossuary)
  4 rats
  3 rat zombies
1179 creatures vanquished.

Vanquished Creatures (collateral kills)
  2 tengu reavers
  A fire dragon (D:14)
  An orb spider (Spider:1)
  6 orcs (Orc:2)
10 creatures vanquished.

Vanquished Creatures (others)
  A bunyip (shapeshifter) (D:13)
  A centaur warrior (D:13)
  A tengu warrior (D:13)
  An unseen horror (D:13)
  An orc sorcerer (Orc:2)
  An orb spider (Spider:4)
  An orange demon (D:13)
  A cane toad (Lair:4)
  A centaur skeleton (D:14)
  2 red devils (D:13)
  A tengu conjurer (D:13)
  2 jumping spiders
  A bloated husk (Swamp:1)
  7 slime creatures (D:13)
  3 redbacks
  2 basilisks (Lair:4)
  An ogre (Orc:2)
  A centaur (D:13)
  A bullfrog (Lair:1)
  135 jellies
  A killer bee (Lair:4)
  4 orc priests
  6 orc wizards
  A worker ant (D:14)
  4 gnolls (D:13)
  A white imp (IceCv)
  An ufetubus (IceCv)
  10 orcs
  2 goblins (D:13)
  92 fungi
  101 plants
  4 toadstools (D:1)
  11 withered plants (D:15)
403 creatures vanquished.

Grand Total: 1592 creatures vanquished

Notes
Turn   | Place    | Note
-------+----------+-------------------------------------------
     0 | D:1      | MisterFreud the Troll Monk began the quest for the Orb.
     0 | D:1      | Reached XP level 1. HP: 22/22 MP: 0/0
   116 | D:1      | Reached XP level 2. HP: 28/29 MP: 1/1
   574 | D:1      | Reached skill level 4 in Unarmed Combat
   918 | D:2      | Found a white marble altar of Elyvilon.
   953 | D:2      | Reached XP level 3. HP: 36/36 MP: 2/2
  1208 | D:2      | Found a runed translucent door.
  1209 | D:2      | Noticed Crazy Yiuf
  1468 | D:2      | Killed Crazy Yiuf
  1469 | D:2      | Reached skill level 5 in Unarmed Combat
  1469 | D:2      | Reached XP level 4. HP: 11/44 MP: 3/3
  2189 | D:4      | Found a broken altar of Ashenzari.
  2265 | D:4      | Reached XP level 5. HP: 50/50 MP: 4/4
  2305 | D:4      | Found a glowing golden altar of the Shining One.
  2307 | D:4      | Found a shadowy altar of Dithmenos.
  2307 | D:4      | Found a radiant altar of Vehumet.
  2308 | D:4      | Found a shimmering blue altar of Sif Muna.
  2317 | D:4      | Reached skill level 6 in Unarmed Combat
  2421 | D:4      | Noticed Duvessa
  2424 | D:4      | Noticed Dowan
  2431 | D:5      | Entered Level 5 of the Dungeon
  2458 | D:5      | Reached XP level 6. HP: 59/59 MP: 5/5
  2459 | D:5      | Noticed a sky beast
  2469 | D:5      | Killed a sky beast
  2470 | D:5      | Reached skill level 7 in Unarmed Combat
  2490 | D:5      | Found a sparkling altar of Nemelex Xobeh.
  2589 | D:5      | Found a staircase to the Ecumenical Temple.
  2589 | D:5      | Noticed a sky beast
  2604 | D:5      | Killed a sky beast
  2605 | D:5      | Reached skill level 8 in Unarmed Combat
  2605 | D:5      | Reached skill level 1 in Throwing
  2605 | D:5      | Reached XP level 7. HP: 37/66 MP: 6/6
  2658 | Temple   | Entered the Ecumenical Temple
  2968 | D:4      | Killed Duvessa
  3012 | D:4      | Killed Dowan
  3013 | D:4      | Reached XP level 8. HP: 65/74 MP: 7/7
  3106 | D:4      | Reached skill level 5 in Throwing
  4211 | D:6      | Found a sand-covered staircase.
  4218 | Ossuary  | Entered an ossuary
  4798 | D:6      | Reached XP level 9. HP: 87/87 MP: 8/8
  4897 | D:6      | Reached skill level 5 in Fighting
  4897 | D:6      | Reached skill level 5 in Dodging
  4978 | D:6      | Noticed Grinder
  4997 | D:6      | Killed Grinder
  5408 | D:7      | Noticed Menkaure
  5414 | D:7      | Killed Menkaure
  5415 | D:7      | Reached skill level 9 in Unarmed Combat
  6028 | D:7      | Found an iron altar of Okawaru.
  6028 | D:7      | Found a sacrificial altar of Ru.
  6197 | D:8      | Reached XP level 10. HP: 67/96 MP: 9/9
  6322 | D:8      | Noticed Harold
  6337 | D:8      | Killed Harold
  6338 | D:8      | Reached skill level 10 in Unarmed Combat
  6527 | D:8      | Found an ancient bone altar of Kikubaaqudgha.
  6591 | D:8      | Reached skill level 11 in Unarmed Combat
  7372 | D:9      | Found a hazy altar of Hepliaklqana.
  7957 | D:10     | Entered Level 10 of the Dungeon
  8269 | D:10     | Reached skill level 12 in Unarmed Combat
  8365 | D:10     | You fall into a shaft and drop 2 floors!
  8600 | D:11     | Found Poxzoss's Distillery.
  8615 | D:11     | Bought a potion of heal wounds for 75 gold pieces
  8615 | D:11     | Bought a potion of heal wounds for 75 gold pieces
  8615 | D:11     | Bought a potion of might for 60 gold pieces
  8615 | D:11     | Bought a potion of cancellation for 120 gold pieces
  8615 | D:11     | Bought a potion of berserk rage for 75 gold pieces
  8615 | D:11     | Bought a potion of lignification for 45 gold pieces
  8632 | D:11     | Noticed a boulder beetle
  8650 | D:11     | Killed a boulder beetle
  8651 | D:11     | Reached XP level 11. HP: 80/105 MP: 10/10
  8694 | D:11     | Found Oczy's Weapon Emporium.
  8912 | D:11     | Found Dorghukko's Jewellery Shop.
  9029 | D:11     | Noticed a cyan ugly thing
  9063 | D:11     | Killed a cyan ugly thing
  9229 | D:11     | Found a staircase to the Lair.
  9464 | D:11     | Noticed a white ugly thing
  9470 | D:11     | Killed a white ugly thing
  9782 | D:11     | Found Kopn's Magic Scroll Emporium.
  9789 | D:11     | Bought a scroll of teleportation for 42 gold pieces
 10119 | D:10     | Noticed Joseph
 10130 | D:10     | Killed Joseph
 10133 | D:10     | Noticed Grum
 10162 | D:10     | Killed Grum
 10428 | D:10     | Found Fiurorgh's Armour Shop.
 10436 | D:10     | Found a staircase to the Orcish Mines.
 10449 | D:10     | Noticed Josephine
 10463 | D:10     | Killed Josephine
 10464 | D:10     | Reached XP level 12. HP: 52/119 MP: 11/11
 11240 | D:12     | Noticed a boulder beetle
 11260 | D:12     | Killed a boulder beetle
 11343 | D:12     | Noticed a two-headed ogre
 11350 | D:12     | Killed a two-headed ogre
 11351 | D:12     | Reached skill level 13 in Unarmed Combat
 11654 | D:12     | Found a white marble altar of Elyvilon.
 11749 | D:13     | Noticed a catoblepas
 11788 | D:13     | Noticed a five-headed hydra
 12003 | Lair:1   | Entered Level 1 of the Lair of Beasts
 12152 | Lair:1   | Reached skill level 14 in Unarmed Combat
 12274 | Lair:2   | Noticed a seven-headed hydra
 12285 | Lair:2   | Noticed Urug
 12290 | Lair:2   | Killed Urug
 12407 | Lair:2   | Noticed Maggie
 12412 | Lair:2   | Killed Maggie
 12509 | Lair:4   | Reached skill level 1 in Armour
 12609 | Lair:5   | Noticed a five-headed hydra
 12620 | Lair:5   | Killed a six-headed hydra
 12621 | Lair:5   | Reached skill level 15 in Unarmed Combat
 12744 | Lair:5   | Found a viscous altar of Jiyva.
 12744 | Lair:5   | Found a staircase to the Slime Pits.
 12751 | Lair:5   | Became a worshipper of Jiyva Jitoataf the Shapeless
 12751 | Lair:5   | Reached * piety under Jiyva
 12751 | Lair:5   | Reached ** piety under Jiyva
 13073 | Lair:5   | Found a hide-covered altar of Uskayaw.
 13074 | Lair:5   | Noticed a boulder beetle
 13075 | Lair:5   | Found an ornate altar of the Wu Jian Council.
 13078 | Lair:5   | Reached *** piety under Jiyva
 13085 | Lair:5   | Killed a boulder beetle
 13086 | Lair:5   | Reached XP level 13. HP: 51/127 MP: 4/12
 13127 | Lair:5   | Gained mutation: You have a small jelly attached to you
                  | that may absorb incoming projectiles. [Jiyva's grace]
 13618 | Lair:5   | Reached skill level 5 in Armour
 13673 | Lair:5   | Reached **** piety under Jiyva
 13954 | Lair:4   | Gained mutation: Your muscles are strong. (Str +2) [Jiyva's
                  | grace]
 14009 | Lair:4   | Found a hole to the Spider Nest.
 14399 | Lair:4   | Reached ***** piety under Jiyva
 14461 | Lair:4   | Gained mutation: Your mind is acute. (Int +2) [Jiyva's
                  | grace]
 15828 | Lair:3   | Gained mutation: Your rubbery body absorbs attacks. (AC +1,
                  | EV +1) [Jiyva's grace]
 15849 | Lair:3   | Reached ****** piety under Jiyva
 16331 | Lair:2   | Noticed Gastronok
 16347 | Lair:2   | Killed Gastronok
 16348 | Lair:2   | Reached skill level 10 in Armour
 16368 | Lair:2   | Reached XP level 14. HP: 100/136 MP: 9/13
 16549 | Lair:2   | Gained mutation: Your system is resistant to poisons.
                  | (rPois) [Jiyva's grace]
 16670 | Lair:2   | Gained mutation: Your muscles are very strong. (Str +4)
                  | [Jiyva's grace]
 16931 | Lair:2   | Found a staircase to the Swamp.
 17303 | Lair:1   | Gained mutation: Armour fits poorly on your pseudopods.
                  | [Jiyva's grace]
 17820 | Lair:2   | Lost mutation: Your mind is acute. (Int +2) [Jiyva's grace]
 17902 | Lair:6   | Entered Level 6 of the Lair of Beasts
 19420 | Lair:6   | Gained mutation: You expend magic power (3 MP) to
                  | strengthen your wands. [Jiyva's grace]
 19759 | D:12     | Reached skill level 16 in Unarmed Combat
 19849 | D:13     | Noticed a frost giant
 19850 | D:13     | Noticed a tengu reaver
 19851 | D:13     | Noticed a stone giant
 19858 | D:13     | Noticed a tengu reaver
 19861 | D:13     | Killed a frost giant
 19862 | D:13     | Reached skill level 10 in Throwing
 19875 | D:13     | Killed a tengu reaver
 19954 | D:13     | Reached XP level 15. HP: 71/149 MP: 5/14
 19964 | D:12     | Killed a tengu reaver
 20118 | D:13     | Reached skill level 1 in Evocations
 20147 | D:13     | Gained mutation: Armour fits poorly on your large
                  | pseudopods. [Jiyva's grace]
 20229 | D:13     | Lost mutation: Your muscles are very strong. (Str +4)
                  | [Jiyva's grace]
 20261 | D:13     | Gained mutation: You have a small jelly attached to you
                  | that senses nearby items. [Jiyva's grace]
 20314 | D:13     | Gained mutation: Your translucent skin slightly reduces
                  | your foes' accuracy. (Stealth) [Jiyva's grace]
 20509 | D:13     | Lost mutation: Your system is resistant to poisons. (rPois)
                  | [Jiyva's grace]
 20511 | D:13     | Reached skill level 10 in Fighting
 21031 | D:14     | Noticed Frances
 21047 | D:13     | Killed Frances
 21234 | D:14     | Lost mutation: You have a small jelly attached to you that
                  | senses nearby items. [Jiyva's grace]
 21433 | D:15     | Entered Level 15 of the Dungeon
 21634 | D:14     | Found a gate to the Vaults.
 21898 | D:14     | Found an ancient bone altar of Kikubaaqudgha.
 22237 | D:14     | Lost mutation: You expend magic power (3 MP) to strengthen
                  | your wands. [Jiyva's grace]
 22283 | D:14     | Gained mutation: You are dopey. (Int -2) [Jiyva's grace]
 22304 | D:14     | Reached skill level 5 in Evocations
 22467 | D:14     | Found Idam's General Store.
 22473 | D:14     | Bought a scroll of blinking for 82 gold pieces
 22652 | D:15     | Found a transporter.
 22676 | D:15     | Found a transporter.
 22680 | D:15     | Noticed Epsin's ghost (journeyman MiFi)
 22779 | D:15     | Found a staircase to the Depths.
 22946 | D:15     | Gained mutation: You have supernaturally acute eyesight.
                  | (SInv) [Jiyva's grace]
 23102 | D:15     | Gained mutation: Your translucent skin reduces your foes'
                  | accuracy. (Stealth) [Jiyva's grace]
 23192 | D:15     | Found a hide-covered altar of Uskayaw.
 23427 | D:15     | Gained mutation: Your transparent skin significantly
                  | reduces your foes' accuracy. (Stealth) [Jiyva's grace]
 23801 | D:13     | Reached skill level 17 in Unarmed Combat
 23890 | Orc:1    | Entered Level 1 of the Orcish Mines
 24086 | Orc:1    | Found Zead's Assorted Antiques.
 24094 | Orc:1    | Bought a leather armour for 68 gold pieces
 24094 | Orc:1    | Bought a golden potion for 30 gold pieces
 24203 | D:8      | Gained mutation: Your pliable body absorbs attacks. (AC +2,
                  | EV +2) [Jiyva's grace]
 24251 | Orc:2    | Entered Level 2 of the Orcish Mines
 24373 | Orc:2    | Found a shimmering blue altar of Sif Muna.
 24417 | Orc:2    | Reached XP level 16. HP: 154/158 MP: 13/15
 24418 | Orc:2    | Found a staircase to the Elven Halls.
 24548 | Orc:2    | Found a roughly hewn altar of Beogh.
 24592 | Orc:2    | Found a roughly hewn altar of Beogh.
 24628 | Orc:2    | Noticed Jorgrun
 24636 | Orc:2    | Lost mutation: Your muscles are strong. (Str +2) [Jiyva's
                  | grace]
 24647 | Orc:2    | Killed Jorgrun
 24670 | Orc:2    | Gained mutation: Your flesh is cold resistant. (rC+)
                  | [Jiyva's grace]
 24697 | Orc:2    | Lost mutation: You have supernaturally acute eyesight.
                  | (SInv) [Jiyva's grace]
 24751 | Orc:2    | Found a roughly hewn altar of Beogh.
 24788 | Orc:2    | Gained mutation: You passively map a small area around you.
                  | [Jiyva's grace]
 24812 | Orc:2    | Found a roughly hewn altar of Beogh.
 24873 | Orc:2    | Found Gefyref's Gadget Shoppe.
 24885 | Orc:2    | Bought a condenser vane for 640 gold pieces
 24909 | Orc:2    | Found a roughly hewn altar of Beogh.
 24934 | Orc:2    | Lost mutation: Your flesh is cold resistant. (rC+) [Jiyva's
                  | grace]
 24952 | Orc:2    | Found Reiwn's Armour Emporium.
 24975 | Orc:2    | Lost mutation: You passively map a small area around you.
                  | [Jiyva's grace]
 25040 | Orc:2    | Found a roughly hewn altar of Beogh.
 25052 | Orc:2    | Found Begiemm's Book Boutique.
 25157 | Orc:2    | Found a roughly hewn altar of Beogh.
 25204 | Orc:2    | Lost mutation: You are dopey. (Int -2) [Jiyva's grace]
 25219 | Orc:2    | Paralysed by an orc sorcerer for 5 turns
 25326 | Orc:2    | Gained mutation: Your gelatinous body deflects attacks. (AC
                  | +3, EV +3) [Jiyva's grace]
 25339 | Orc:2    | Gained mutation: You have a small jelly attached to you
                  | that senses nearby items. [Jiyva's grace]
 25350 | Orc:2    | Found a roughly hewn altar of Beogh.
 25350 | Orc:2    | Found Yreicuj's Antique Armour Boutique.
 25353 | Orc:2    | Found Huos's Antique Weapon Shop.
 25367 | Orc:2    | Bought a tower shield for 166 gold pieces
 25568 | D:10     | Lost mutation: You have a small jelly attached to you that
                  | senses nearby items. [Jiyva's grace]
 25693 | Spider:1 | Entered Level 1 of the Spider Nest
 25702 | Lair:4   | Reached skill level 1 in Shields
 26755 | Spider:1 | Reached skill level 5 in Shields
 26975 | Spider:1 | Gained mutation: You are partially covered in yellow
                  | scales. (AC +2) [Jiyva's grace]
 27932 | Spider:2 | Lost mutation: You have a small jelly attached to you that
                  | may absorb incoming projectiles. [Jiyva's grace]
 27933 | Spider:2 | Lost mutation: Your transparent skin significantly reduces
                  | your foes' accuracy. (Stealth) [potion of mutation]
 27933 | Spider:2 | Lost mutation: Your gelatinous body deflects attacks. (AC
                  | +3, EV +3) [potion of mutation]
 27933 | Spider:2 | Gained mutation: Your system is resistant to poisons.
                  | (rPois) [potion of mutation]
 27933 | Spider:2 | Gained mutation: You tend to lose your temper in combat.
                  | [potion of mutation]
 27933 | Spider:2 | Gained mutation: You are strong-willed. (Will+) [potion of
                  | mutation]
 28033 | Spider:2 | Lost mutation: You tend to lose your temper in combat.
                  | [Jiyva's power]
 28076 | Spider:2 | Noticed Roxanne
 28097 | Spider:2 | Killed Roxanne
 28222 | Spider:2 | Noticed Arachne
 28258 | Spider:2 | Killed Arachne
 29290 | Spider:3 | Lost mutation: Your system is resistant to poisons. (rPois)
                  | [Jiyva's grace]
 29494 | Spider:3 | Noticed Louise
 29524 | Spider:3 | Killed Louise
 29525 | Spider:3 | Reached XP level 17. HP: 155/166 MP: 16/16
 29626 | Spider:3 | Lost mutation: You are strong-willed. (Will+) [Jiyva's
                  | grace]
 29862 | Spider:3 | Noticed Kirke
 29891 | Spider:3 | Killed Kirke
 30600 | Spider:4 | Entered Level 4 of the Spider Nest
 30628 | Spider:4 | Reached skill level 10 in Shields
 31033 | Spider:4 | Paralysed by a hornet for 1 turns
 31325 | Spider:4 | Gained mutation: You can translocate small distances at
                  | will. [Jiyva's grace]
 32039 | Spider:4 | Lost mutation: Your translucent skin reduces your foes'
                  | accuracy. (Stealth) [Jiyva's grace]
 32213 | Spider:4 | Lost mutation: Armour fits poorly on your large pseudopods.
                  | [Jiyva's grace]
 32304 | Spider:4 | Got a gossamer rune of Zot
 32593 | Swamp:1  | Entered Level 1 of the Swamp
 32604 | Swamp:1  | Found a frozen archway.
 32623 | IceCv    | Entered an ice cave
 33659 | IceCv    | Noticed an Ice Fiend
 33698 | IceCv    | Killed from afar by an Ice Fiend

Illustrated notes

Levels and vault maps discovered:
D:1:      ldierk_walled_garden_2, layout_loops_corners, serial_bayou_pond_a
D:2:      layout_rooms, elyvilon_altar_1, uniq_crazy_yiuf_cottage
D:3:      layout_basic, moated_statue
D:4:      layout_gridville, grunt_temple_overflow_open, evilmike_ruin_ashenzari,
          uniq_duvessa
D:5:      layout_loops_ring, nemelex_xobeh_ov_fountains_minmay,
          minmay_temple_entry_purple_smoke
D:6:      layout_basic, enter_ossuary_4, uniq_grinder
D:7:      layout_basic, gammafunk_temple_overflow_wave, st_stairs_1,
          uniq_menkaure
D:8:      layout_basic, lemuel_mausoleum_altar_kikubaaqudgha, uniq_harold
D:9:      layout_stronghold, overflow_temple_1_default
D:10:     layout_layer_cave, orc_david_3, uniq_grum, uniq_joseph, uniq_josephine
D:11:     layout_grid_maze, minmay_lair_entry_grove, serial_shops, shop, shop,
          shop_coins, shop, wad_floor_pattern_1, minmay_tree_intersection
D:12:     layout_big_octagon, basic_altar, st_stairs_13
D:13:     minmay_connected_triangles_in_corner, layout_loops_ring, special_room
          [special_room_bee], lightli_bailey_entry_fortress,
          minmay_beelzebubs_servants
D:14:     cheibrodos_breeding_chamber, layout_stronghold,
          grunt_vaults_entry_fortified, basic_altar,
          hangedman_abyss_or_decor_stabs, serial_shops, shop, uniq_frances
D:15:     gammafunk_depths_entry_grave, layout_loops_corners,
          minmay_misc_feat_enclosed, basic_altar,
          gammafunk_ghost_berserking_beasts, minivault_16
Temple:   dshaligram_water_room_temple
Lair:1:   layout_gridlike, gauntlet_entry_generic
Lair:2:   layout_cave_pods, nicolae_swamp_entry_splash_gauntlet, minivault_19,
          lemuel_fruit_tree, uniq_maggie, uniq_gastronok, uniq_urug
Lair:3:   layout_loops_ring, enter_volcano_3
Lair:4:   regret_index_harrowing_hell_hive, layout_small_grid,
          spider_nest_entry_web_field, grunt_megastairs_3
Lair:5:   layout_gridlike, slime_altar_1, nzn_masters_of_martial_movement,
          grunt_megastairs_1, infiniplex_staircase_pool
Lair:6:   minmay_lair_end_enchanted_forest, layout_regular_city,
          nicolae_quartered_pool_little, grunt_megastairs_5
Swamp:1:  layout_basic_swamp, portal_ice_cave_entry_pillars_1,
          nicolae_swamp_fairy_circle
Spider:1: layout_chambers
Spider:2: layout_spider_delve, uniq_arachne, uniq_roxanne
Spider:3: layout_chambers, hangedman_spider_tarantella_strand, uniq_louise,
          uniq_kirke
Spider:4: johnstein_spider_rune_arachne_lair
Orc:1:    layout_diamond_mine, serial_shops, shop_statue,
          nicolae_orc_flooded_monolith, mines4_lemuel
Orc:2:    grunt_orc_community_town_hall, layout_diamond_mine,
          grunt_orc_community_big_house_2, grunt_orc_community_big_house_1,
          grunt_orc_community_house_3, grunt_orc_community_house_2,
          grunt_orc_community_house_2, grunt_orc_community_house_1,
          grunt_orc_community_house_3, grunt_orc_community_house_1,
          serial_shops, shop, led_sif_book, uniq_jorgrun
IceCv:    ice_cave_caverns_03

Skill      XL: |  1  2  3  4  5  6  7  8  9 10 11 12 13 14 15 16 17 |
---------------+----------------------------------------------------+-----
Unarmed Combat | 4 5 6 8 9 12 15 16 17 | 17.4
Throwing       | 1 4 5 7 8 10 11 12 | 12.0
Fighting       | 4 5 8 9 10 | 10.0
Dodging        | 4 5 8 |  8.0
Armour         | 3 10 | 10.0
Evocations     | 5 |  5.0
Shields        | 9 12 | 12.7
Stealth        | |  1.0

Action                   |  1- 3 |  4- 6 |  7- 9 | 10-12 | 13-15 | 16-18 || total
-------------------------+-------+-------+-------+-------+-------+-------++-------
Melee: Unarmed           |    83 |   106 |   412 |   654 |  1248 |  1125 ||  3628
       Punch             |     1 |     3 |    23 |    50 |   127 |    48 ||   252
       Pseudopods        |       |       |       |       |   201 |   291 ||   492
Throw: Large rock        |       |       |       |    15 |    37 |    26 ||    78
Invok: Request Jelly     |       |       |       |       |     1 |       ||     1
       Cure Bad Mutation |       |       |       |       |       |     1 ||     1
       Slimify           |       |       |       |       |       |     1 ||     1
Evoke: Condenser vane    |       |       |       |       |       |     3 ||     3
       Wand              |       |       |       |       |       |     2 ||     2
  Use: Scroll            |       |     2 |    13 |    10 |     6 |     2 ||    33
       Potion            |       |       |       |       |     2 |     1 ||     3
 Stab: Sleeping          |     1 |     1 |    10 |     5 |     2 |     1 ||    20
       Petrified         |       |       |       |       |     1 |       ||     1
       Distracted        |       |       |       |       |       |     3 ||     3
       Held in net/web   |       |       |       |       |       |     2 ||     2
Armor: Robe              |    24 |    50 |   156 |   128 |       |       ||   358
       Swamp dragon scal |       |       |       |    32 |   528 |   519 ||  1079
Dodge: Dodged            |    33 |    50 |   237 |   511 |  1259 |  1253 ||  3343
Block: Tower shield      |       |       |       |       |       |   668 ||   668
